 Dungeon Crawl Stone Soup version 0.31-a0-662-g684573625c (webtiles) character file.

Game seed: 10889070434877857959

9 GordonOverkill the Sneak (level 2, 0/19 HPs)
             Began as a Tengu Delver on Sept 1, 2023.
             Succumbed to an adder's poison
             ... on level 3 of the Dungeon.
             The game lasted 00:01:05 (134 turns).

GordonOverkill the Sneak (Tengu Delver)              Turns: 134, Time: 00:01:05

Health: 0/19       AC:  3    Str: 12    XL:     2   Next: 16%
Magic:  3/3        EV: 27    Int: 10    God:
Gold:   19         SH:  0    Dex: 15    Spells: 1/1 levels left

rFire   . . .        a - +0 spear
rCold   . . .        (no shield)
rNeg    . . .        b - +0 leather armour
rPois   .            (helmet restricted)
rElec   .            (no cloak)
rCorr   .            (no gloves)
SInv    .            (boots unavailable)
Will    .....        (no amulet)
Stlth   +++          (no ring)
HPRegen 0.23/turn    (no ring)
MPRegen 0.08/turn

%: acrobat
@: lethally poisoned (0 -> -4), acrobatic
A: beak, talons 3, acrobatic
a: no special abilities


You were on level 3 of the Dungeon.
You visited 1 branch of the dungeon, and saw 4 of its levels.

You collected 19 gold pieces.

Inventory:

Hand Weapons
 a - a +0 spear (weapon)
Armour
 b - a +0 leather armour (worn)
Wands
 g - a wand of digging (3)
Scrolls
 c - a scroll of fog
 d - a scroll of revelation
Potions
 f - a potion of haste


   Skills:
 - Level 3.0 Fighting
 + Level 3.1 Polearms
 - Level 2.1 Dodging
 - Level 5.0 Stealth


You had one spell level left.
You didn't know any spells.
Your spell library was empty.

Dungeon Overview and Level Annotations

Branches:
Dungeon (6/15)
 Temple: D:4-7

Altars:

Shops:
D:5 :

Annotations:
D:3 Robin
D:5 exclusion: downstairs


Innate Abilities, Weirdness & Mutations

You have a beak for a mouth.
You have claws for feet.
You can magically evade attacks while moving or waiting.


Message History

You hit the adder but do no damage.
The adder is almost dead.
The adder bites you. The adder bites you but does no damage.
You closely miss the adder. Your kick misses the adder.
The adder is almost dead.
The adder barely misses you.
You barely miss the adder.
The adder is almost dead.
The adder bites you.
* * * LOW HITPOINT WARNING * * *
You hit the adder. Your kick misses the adder.
The adder is almost dead.
The adder bites you.
* * * LOW HITPOINT WARNING * * *
The adder bites you.
* * * LOW HITPOINT WARNING * * *
You are poisoned.
The adder poisons you!
You hit the adder but do no damage. Your kick misses the adder.
Your peck misses the adder.
The adder is almost dead.
* * * LOW HITPOINT WARNING * * *
You feel sick. The adder barely misses you.
You miss the adder.
The adder is almost dead.
* * * LOW HITPOINT WARNING * * *
You feel sick. The adder bites you.
* * * LOW HITPOINT WARNING * * *
You are more poisoned.
The adder poisons you!
You hit the adder but do no damage. You peck the adder.
You kill the adder!
* * * LOW HITPOINT WARNING * * *
You feel sick.
Your Polearms skill increases to level 3!
You have reached level 2!
Okay, then.
* * * LOW HITPOINT WARNING * * *
You feel sick.
You die...

##+## #.# #. #.# #.#
#.# #####.### #.#
#.......# #.#
#.#.....## ##.##
#.#.......
##...######.#.#.#.##
#..@..........#.#.#
##...######.###)#.#
##.## #.# #.#.# ###
#.###.#.# #.......#
#####.### #.# #..
#.##


There were no monsters in sight!

Vanquished Creatures
  An adder (D:3)
  A kobold (D:3)
2 creatures vanquished.

Notes
Turn   | Place    | Note
-------+----------+-------------------------------------------
     0 | D:5      | GordonOverkill the Tengu Delver began the quest for the
                  | Orb.
     0 | D:5      | Reached XP level 1. HP: 14/14 MP: 2/2
     1 | D:6      | Noticed an iguana
     7 | D:5      | Found Fewuptoa's Vocational Training.
    16 | D:5      | Noticed a hound
    35 | D:5      | Noticed an iguana
    66 | D:3      | Noticed Robin
   133 | D:3      | Reached XP level 2. HP: 2/19 MP: 3/3
   134 | D:3      | Succumbed to an adder's poison

Illustrated notes

Levels and vault maps discovered:
D:3:      layout_loops_corners, uniq_terence, uniq_ijyb, uniq_robin
D:4:      layout_rooms
D:5:      layout_rooms, grunt_dithmenos_smoke, fedhas_altar_decomposition,
          tgw_xom, minmay_temple_entry_grid, biasface_ghost_orc_armoury,
          nicolae_shop_vocational, uniq_edmund
D:6:      layout_rooms, pdpol_temple_overflow_zin_treasury_gozag_greed,
          mainiacjoe_overflow_concentric_impassable, roderic_batcave,
          st_stairs_9, chequers_serial_rivers_room_b, minmay_microvault,
          uniq_crazy_yiuf_cottage

Skill      XL: |  1 |
---------------+----+-----
Polearms       | 3 |  3.1
Fighting       | |  3.0
Dodging        | |  2.1
Stealth        | |  5.0

Action                     || total
---------------------------++-------
  Melee: Spear             ||    12
         Peck              ||     1
    Use: Scroll            ||     1
   Stab: Sleeping          ||     2
 Armour: Leather armour    ||    12
  Dodge: Dodged            ||     9

Table legend: (Time is in decaauts)
 A = Elapsed time spent in this place.
 B = Non-inter-level travel time spent in this place.
 C = Inter-level travel time spent in this place.
 D = Time resting spent in this place.
 E = Time spent auto-exploring this place.
 F = Levels seen in this place.
 G = Mean time per level.
                   A        B        C        D        E       F      G
               +--------+--------+--------+--------+--------+-----+--------+
         Total |    133 |    133 |      0 |      0 |      0 |   4 |   33.2 |
       Dungeon |    133 |    133 |      0 |      0 |      0 |   4 |   33.2 |
               +--------+--------+--------+--------+--------+-----+--------+

Top non-repeatable levels by time:
     D:3: 67 daAuts
     D:5: 52 daAuts
     D:4: 11 daAuts
     D:6: 1 daAuts
